 Dungeon Crawl Stone Soup version 0.21.1-1-g345015f (webtiles) character file.

18120 teukkam the Fighter (level 12, -3/139 HPs)
             Began as a Troll Monk on June 12, 2018.
             Slain by a death yak (14 damage)
             ... on level 5 of the Lair of Beasts on June 13, 2018.
             The game lasted 00:49:50 (7214 turns).

teukkam the Fighter (Troll Monk)                    Turns: 7214, Time: 00:49:50

Health: -3/139     AC:  7    Str: 31    XL:     12   Next: 24%
Magic:  11/11      EV:  8    Int:  6    God:
Gold:   582        SH: 15    Dex: 16    Spells: 11/11 levels left

rFire    + . .     SeeInvis .     - Unarmed
rCold    + + .     Gourm    +   r - +1 shield
rNeg     . . .     Faith    .   a - +0 robe
rPois    +         Spirit   .   (helmet restricted)
rElec    .         Reflect  +   i - scarf {rC+ rF+}
rCorr    .         Harm     .   (gloves unavailable)
MR       .....                  (boots unavailable)
Stlth    ++........             p - +6 amulet of reflection
HPRegen  0.73/turn              j - +4 ring of dexterity
MPRegen  0.12/turn              A - ring of poison resistance

@: mighty
A: large, unfitting armour, claws 3, thin metallic scales 1, cold resistance 1,
fast metabolism 3, gourmand, regeneration 1, shaggy fur 1, tough skin 2
a: no special abilities


You were on level 5 of the Lair of Beasts.
You were not hungry.

You visited 2 branches of the dungeon, and saw 15 of its levels.
You also visited: Bailey.

You collected 678 gold pieces.
You spent 96 gold pieces at shops.

Inventory:

Hand Weapons
 c - a +1 flail of crushing
 u - a +1 antimagic quarterstaff
Missiles
 g - 39 poisoned needles
 k - a tomahawk of returning (quivered)
 v - 10 tomahawks
 K - 2 throwing nets
Armour
 a - a +0 robe (worn)
 i - a scarf of resistance (worn)
 r - a +1 shield (worn)
Magical Staves
 G - an uncursed staff of earth
Jewellery
 j - a +4 ring of dexterity (left claw)
 p - a +6 amulet of reflection (around neck)
 A - a ring of poison resistance (right claw)
 J - an uncursed amulet of faith {unknown}
Wands
 B - a wand of random effects (30)
 D - a wand of disintegration (8)
 F - a wand of polymorph (13)
Scrolls
 d - 5 scrolls of remove curse
 e - 3 scrolls of identify
 h - a scroll of immolation
 o - 2 scrolls of holy word
Potions
 f - a potion of agility
 m - a potion of might
 n - 2 potions of mutation
 w - a potion of flight
 x - a potion of berserk rage
 z - a potion of magic
 C - 2 potions of curing
Books
 H - a book of Flames

   Spells                             Type                      Level
   a - Flame Tongue                   Conjuration/Fire             1
   b - Throw Flame                    Conjuration/Fire             2
   c - Conjure Flame                  Conjuration/Fire             3
   d - Inner Flame                    Hexes/Fire                   3
   e - Sticky Flame                   Conjuration/Fire             4
   f - Fireball                       Conjuration/Fire             5
Comestibles
 b - 9 rations


   Skills:
 + Level 14.2 Fighting
 - Level 2.7 Throwing
 - Level 2.4 Dodging
 - Level 1.0 Stealth
 - Level 10.5 Unarmed Combat


You had 11 spell levels left.
You didn't know any spells.

Dungeon Overview and Level Annotations

Branches:
Dungeon (10/15)            Temple (0/1) D:7            Lair (5/6) D:10
  Swamp (0/4) Lair:2        Snake (0/4) Lair:4
  Slime: Lair:5-6       Orc: D:9-12

Altars:
Dithmenos
Gozag
Xom

Shops:
D:4 !?:

Annotations:
Lair:4 exclusion: oklob plant


Innate Abilities, Weirdness & Mutations

You are too large for most types of armour.
You have claws for hands.
Your metabolism is lightning-fast.
You like to eat raw meat.
Your natural rate of healing is unusually fast.
You are covered in fur. (AC +1)
You have very tough skin. (AC +2)
You are partially covered in thin metallic scales. (AC +2)
Your flesh is cold resistant. (rC+)


Message History

Press: ? - help, Shift-Dir - straight line, f - death yak
Aim: a death yak Nothing appears to happen.
Something gores you!
* * * LOW HITPOINT WARNING * * *
Something gores you but does no damage.
Unknown command.
Okay, then.
Okay, then.
The death yak is no longer covered in acid.
You feel very mighty all of a sudden. The death yak gores you.
* * * LOW HITPOINT WARNING * * *
Something gores you!!
* * * LOW HITPOINT WARNING * * *
You claw the death yak!
The death yak is lightly wounded.
Something gores you but does no damage.
The death yak gores you but does no damage.
Something gores you!
You die...

#.........## #P.P.......#
#PP......### ##.......#
#.......## #........#
#......YY# ##.......Y##
#......Y@#.# .#..........#
#..........## ##.........#
##.......## #........# ###
##........###.## ##
#.#........#.#.### ####.
##........#.#....#####P..#


You could see 4 death yaks.

Vanquished Creatures
  The ghost of LairdRich the Cleaver, a journeyman MiBe of Trog (D:10)
  A hydra (Lair:2)
  2 two-headed ogres (D:10)
  A death yak (Lair:5)
  A swamp dragon (Lair:2)
  3 black mambas
  4 elephants (Lair:5)
  8 spiny frogs
  2 komodo dragons
  A polar bear (Lair:4)
  6 hippogriffs
  8 yaks
  2 wyverns
  3 water moccasins
  Edmund (D:4)
  8 porcupines
  4 ice beasts
  7 orc warriors
  2 sky beasts
  2 phantoms
  3 ogres
  4 centaurs
  5 crocodiles
  7 bullfrogs
  Blork the orc (D:5)
  2 scorpions
  7 killer bees
  9 wights (D:6)
  7 howler monkeys
  A jelly (D:5)
  A bullfrog zombie (D:5)
  2 crimson imps
  A quasit (D:8)
  2 centaur skeletons (D:6)
  2 hounds
  3 orc wizards
  3 orc priests
  6 iguanas
  8 worker ants
  A hound zombie (D:9)
  5 adders
  3 shadow imps
  3 adder skeletons
  A worm (D:3)
  4 dart slugs
  A leopard gecko (D:3)
  27 orcs
  A ball python (D:6)
  3 bats
  6 giant cockroaches
  7 goblins
  2 hobgoblins (D:1)
  9 jackals
  A frilled lizard (D:1)
  A jackal skeleton (D:9)
  A jackal zombie (D:5)
  10 kobolds
  A leopard gecko skeleton (D:5)
  4 rats
  A bush (Lair:2)
233 creatures vanquished.

Vanquished Creatures (collateral kills)
  A hydra (Lair:3)
1 creature vanquished.

Vanquished Creatures (others)
  An orc warrior (D:9)
  2 centaurs
  5 kobolds (Bailey)
  A fungus (Lair:5)
  30 plants
39 creatures vanquished.

Grand Total: 273 creatures vanquished

Notes
Turn   | Place    | Note
-------+----------+-------------------------------------------
     0 | D:1      | teukkam the Troll Monk began the quest for the Orb.
     0 | D:1      | Reached XP level 1. HP: 22/22 MP: 0/0
   160 | D:2      | Reached XP level 2. HP: 24/29 MP: 1/1
   358 | D:3      | Reached skill level 3 in Fighting
   393 | D:3      | Reached XP level 3. HP: 37/37 MP: 2/2
   461 | D:4      | Noticed a scorpion
   472 | D:4      | Killed a scorpion
   472 | D:4      | Reached XP level 4. HP: 22/45 MP: 3/3
   563 | D:4      | Noticed Edmund
   571 | D:4      | Killed Edmund
   571 | D:4      | Reached XP level 5. HP: 54/54 MP: 4/4
   583 | D:4      | Found Rupueg's Distillery.
   610 | D:4      | Reached skill level 4 in Fighting
   718 | D:4      | Reached skill level 5 in Unarmed Combat
  1081 | D:4      | Bought a potion of mutation for 96 gold pieces
  1083 | D:4      | Gained mutation: Your flesh is cold resistant. (rC+) [potion of mutation]
  1083 | D:4      | Gained mutation: You are partially covered in thin metallic scales. (AC +2) [potion of mutation]
  1159 | D:3      | Found a shimmering altar of Xom.
  1218 | D:4      | Found Hoceuf's Magic Scroll Emporium.
  1239 | D:4      | Reached XP level 6. HP: 50/62 MP: 5/5
  1288 | D:4      | Found Lizamm's Book Emporium.
  1318 | D:5      | Entered Level 5 of the Dungeon
  1451 | D:5      | Noticed Blork the orc
  1464 | D:5      | Killed Blork the orc
  1569 | D:5      | Noticed an ice beast
  1581 | D:5      | Killed an ice beast
  1581 | D:5      | Reached skill level 5 in Fighting
  1581 | D:5      | Reached XP level 7. HP: 72/72 MP: 6/6
  2264 | D:6      | Reached skill level 6 in Fighting
  2264 | D:6      | Reached XP level 8. HP: 69/83 MP: 7/7
  2522 | D:6      | Found an opulent altar of Gozag.
  2535 | D:6      | Reached skill level 7 in Fighting
  2729 | D:7      | Found a staircase to the Ecumenical Temple.
  2805 | D:7      | Reached XP level 9. HP: 89/93 MP: 8/8
  3681 | D:9      | Reached skill level 8 in Fighting
  3759 | D:9      | Reached skill level 10 in Unarmed Combat
  4066 | D:9      | Found a flagged portal.
  4087 | Bailey   | Entered a bailey
  4143 | Bailey   | Reached skill level 1 in Throwing
  4165 | Bailey   | Reached XP level 10. HP: 82/106 MP: 9/9
  4216 | Bailey   | Found a bloodstained altar of Trog.
  4351 | D:10     | Entered Level 10 of the Dungeon
  4351 | D:10     | Noticed a two-headed ogre
  4693 | D:9      | Reached skill level 9 in Fighting
  4900 | D:10     | Noticed LairdRich's ghost (journeyman MiBe)
  4915 | D:10     | Killed LairdRich's ghost
  5043 | D:10     | Killed a two-headed ogre
  5043 | D:10     | Reached skill level 10 in Fighting
  5145 | D:10     | Noticed a two-headed ogre
  5145 | D:10     | Found a shadowy altar of Dithmenos.
  5155 | D:10     | Killed a two-headed ogre
  5158 | D:10     | Reached skill level 11 in Fighting
  5232 | D:10     | Found a staircase to the Lair.
  5242 | Lair:1   | Entered Level 1 of the Lair of Beasts
  5436 | Lair:1   | Reached XP level 11. HP: 85/120 MP: 10/10
  5581 | Lair:2   | Noticed a five-headed hydra
  5597 | Lair:2   | Killed a nine-headed hydra
  5729 | Lair:2   | Found a staircase to the Swamp.
  5729 | Lair:2   | Noticed a swamp dragon
  5751 | Lair:2   | Reached skill level 12 in Fighting
  5767 | Lair:2   | Killed a swamp dragon
  6049 | Lair:2   | Reached skill level 13 in Fighting
  6294 | Lair:3   | Noticed a six-headed hydra
  6302 | Lair:3   | Killed a six-headed hydra
  6418 | Lair:4   | Found a staircase to the Snake Pit.
  6525 | Lair:4   | Noticed an oklob plant
  6715 | Lair:5   | Noticed a death yak
  6718 | Lair:5   | Noticed a death yak
  6718 | Lair:5   | Noticed a death yak
  6719 | Lair:5   | Noticed a death yak
  6719 | Lair:5   | Noticed a death yak
  6721 | Lair:5   | Noticed a death yak
  6722 | Lair:5   | Reached XP level 12. HP: 67/137 MP: 11/11
  6961 | Lair:5   | Reached skill level 14 in Fighting
  7199 | Lair:5   | Killed a death yak
  7214 | Lair:5   | Slain by a death yak

Skill      XL: |  1  2  3  4  5  6  7  8  9 10 11 12 |
---------------+-------------------------------------+-----
Fighting       | 3 4 5 6 7 8 11 13 14 | 14.2
Unarmed Combat | 4 5 6 7 8 10 | 10.5
Throwing       | 1 2 |  2.7
Dodging        | |  2.4
Stealth        | |  1.0

Action                   |  1- 3 |  4- 6 |  7- 9 | 10-12 || total
-------------------------+-------+-------+-------+-------++-------
Melee: Unarmed           |    48 |   101 |   258 |   256 ||   663
       Punch             |     1 |     2 |       |       ||     3
Throw: Javelin           |       |    11 |    86 |       ||    97
       Tomahawk          |       |       |    16 |    89 ||   105
Evoke: Wand              |       |       |     4 |    19 ||    23
       Phantom mirror    |       |       |       |     2 ||     2
  Use: Potion            |       |     3 |       |    10 ||    13
       Scroll            |       |       |    13 |     9 ||    22
 Stab: Sleeping          |       |     1 |     1 |     3 ||     5
  Eat: Chunk             |     7 |    13 |    23 |    20 ||    63
       Ration            |       |       |       |     1 ||     1
Armor: Robe              |    20 |    21 |    69 |    49 ||   159
Dodge: Dodged            |    25 |    34 |    67 |    57 ||   183
Block: Shield            |       |     4 |   210 |   185 ||   399
       Other             |       |     1 |       |       ||     1
       Reflection        |       |       |    46 |     4 ||    50
